 Dungeon Crawl Stone Soup version 0.29-a0-321-gf1c400731a (webtiles) character file.

Game seed: 12994583173375769668

27 kae the Firebug (level 3, -2/20 HPs)
             Began as a Tengu Fire Elementalist on Apr 4, 2022.
             Slain by Terence
             ... wielding a +1 short sword of holy wrath
              (3 damage)
             ... on level 2 of the Dungeon.
             The game lasted 00:00:35 (1498 turns).

kae the Firebug (Tengu Fire Elementalist)           Turns: 1498, Time: 00:00:36

Health: -2/20      AC:  2    Str:  8    XL:     3   Next: 10%
Magic:  2/7        EV: 12    Int: 17    God:
Gold:   63         SH:  0    Dex: 14    Spells: 0/6 levels left

rFire   . . .      SeeInvis .   (no weapon)
rCold   . . .      Faith    .   (no shield)
rNeg    . . .      Spirit   .   a - +0 robe
rPois   .          Reflect  .   (helmet restricted)
rElec   .          Harm     .   (no cloak)
rCorr   .          Rampage  .   (no gloves)
Will    .....                   (boots unavailable)
Stlth   ++........              (no amulet)
HPRegen 0.06/turn               (no ring)
MPRegen 0.10/turn               (no ring)

@: no status effects
A: beak, talons 3
a: no special abilities


You were on level 2 of the Dungeon.
You visited 1 branch of the dungeon, and saw 2 of its levels.

You collected 63 gold pieces.

Inventory:

Armour
 a - a +0 robe (worn)
Potions
 b - a potion of magic
 c - a potion of might {unknown}
 d - a potion of brilliance {unknown}


   Skills:
 + Level 0.7 Fighting
 + Level 0.6 Armour
 + Level 2.4 Dodging
 - Level 2.0 Stealth
 + Level 2.2 Spellcasting
 + Level 1.9 Conjurations
 * Level 3.7 Fire Magic


You couldn't memorise any spells.
You knew the following spells:

 Your Spells              Type           Power      Damage    Failure   Level
a - Foxfire               Conj/Fire      44%        2x1d6     6%          1
b - Scorch                Fire           28%        2d6       6%          2
c - Conjure Flame         Conj/Fire      11%        6-21      19%         3

Your spell library contained the following spells:

 Spells                   Type           Power      Damage    Failure   Level
 Inner Flame              Hex/Fire       8%         N/A       26%         3
 Flame Wave               Conj/Fire      11%        2d5       52%         4


Dungeon Overview and Level Annotations

Branches:
Dungeon (2/15)

Altars:

Annotations:
D:2 Terence


Innate Abilities, Weirdness & Mutations

You have a beak for a mouth.
You have claws for feet.


Message History

The foxfire hits Terence.
Terence is lightly wounded.
Terence is nearby!
Casting: Foxfire (safe; 6% risk of failure)
Confirm with . or Enter, or press ? or * to list all spells.
You conjure some foxfire!
The foxfire hits Terence but does no damage.
Terence is lightly wounded.
The foxfire hits Terence but does no damage.
Terence is lightly wounded.
The foxfire hits Terence but does no damage.
Terence is lightly wounded.
Casting: Foxfire (safe; 6% risk of failure)
Confirm with . or Enter, or press ? or * to list all spells.
You conjure some foxfire!
Terence hits you with a +1 short sword of holy wrath.
The foxfire hits Terence but does no damage.
Terence is lightly wounded.
The foxfire hits Terence.
Terence is moderately wounded.
Terence hits you with a +1 short sword of holy wrath.
Casting: Foxfire (safe; 6% risk of failure)
Confirm with . or Enter, or press ? or * to list all spells.
You conjure some foxfire!
Terence hits you with a +1 short sword of holy wrath!
* * * LOW HITPOINT WARNING * * *
The foxfire hits Terence but does no damage.
Terence is lightly wounded.
The foxfire hits Terence but does no damage.
Terence is lightly wounded.
Terence barely misses you.
Casting: Foxfire (safe; 6% risk of failure)
Confirm with . or Enter, or press ? or * to list all spells.
Flames lash Terence.
Terence is moderately wounded.
Terence's fire resistance burns away.
Terence hits you with a +1 short sword of holy wrath.
* * * LOW HITPOINT WARNING * * *
Terence hits you with a +1 short sword of holy wrath.
You die...

........# ############
........#####...........
...........##...........
........##..............
........####............
........#........####.#
#########.######.# .# #
###.##..##. #..@.......
#..@.#####. . #.....## .
#........ . ........# .
..?#....# . ......... .
#........


You could see Terence (combustible).

Vanquished Creatures
  An adder (D:2)
  A dart slug (D:1)
  An endoplasm (D:1)
  3 hobgoblins (D:1)
  2 jackals (D:1)
  2 bats
  2 goblins (D:1)
  2 kobolds (D:1)
  2 rats (D:1)
16 creatures vanquished.

Vanquished Creatures (others)
  61 foxfires
61 creatures vanquished.

Grand Total: 77 creatures vanquished

Notes
Turn   | Place    | Note
-------+----------+-------------------------------------------
     0 | D:1      | kae the Tengu Fire Elementalist began the quest for the
                  | Orb.
     0 | D:1      | Reached XP level 1. HP: 10/10 MP: 4/4
   106 | D:1      | Found a faded altar of an unknown god.
   360 | D:1      | Reached XP level 2. HP: 11/15 MP: 0/6
  1403 | D:2      | Reached XP level 3. HP: 20/20 MP: 3/7
  1406 | D:2      | Learned a level 2 spell: Scorch
  1410 | D:2      | Learned a level 3 spell: Conjure Flame
  1487 | D:2      | Noticed Terence
  1497 | D:2      | HP: 1/20 [Terence/+1 short sword of holy wrath (5)]
  1498 | D:2      | Slain by Terence

Illustrated notes

Levels and vault maps discovered:
D:1:      dpeg_arrival_round_c, layout_loops_ring,
          ebering_ecumenical_altar_sacrificial
D:2:      layout_rooms, minmay_tripent, uniq_terence

Action                   || total
-------------------------++-------
Melee: Unarmed           ||    11
       Peck              ||     3
       Kick              ||     1
 Cast: Foxfire           ||    38
       Scorch            ||     1
  Use: Scroll            ||     1
Armor: Robe              ||     4
Dodge: Dodged            ||    18

Table legend: (Time is in decaauts)
 A = Elapsed time spent in this place.
 B = Non-inter-level travel time spent in this place.
 C = Inter-level travel time spent in this place.
 D = Time resting spent in this place.
 E = Time spent auto-exploring this place.
 F = Levels seen in this place.
 G = Mean time per level.
                   A        B        C        D        E       F      G
               +--------+--------+--------+--------+--------+-----+--------+
         Total |   1497 |   1463 |     34 |      0 |   1324 |   2 |  748.5 |
       Dungeon |   1497 |   1463 |     34 |      0 |   1324 |   2 |  748.5 |
               +--------+--------+--------+--------+--------+-----+--------+

Top non-repeatable levels by time:
     D:1: 1394 daAuts
     D:2: 103 daAuts
